 Dungeon Crawl Stone Soup version 0.21-a0-201-g8501b10 (webtiles) character file.

21 tehllama the Insei (level 2, 0/18 HPs)
             Began as an Octopode Transmuter on Aug 17, 2017.
             Slain by a kobold (3 damage)
             ... on level 1 of the Dungeon.
             The game lasted 00:00:43 (799 turns).

tehllama the Insei (Octopode Transmuter)             Turns: 799, Time: 00:00:44

Health: 0/18       AC:  1    Str:  9    XL:     2   Next: 87%
Magic:  5/5        EV: 13    Int: 15    God:
Gold:   24         SH:  0    Dex: 12    Spells: 4/5 levels left

rFire    . . .     SeeInvis .     - Unarmed
rCold    . . .     Gourm    .   (no shield)
rNeg     . . .     Faith    .   (helmet restricted)
rPois    .         Spirit   .   (no amulet)
rElec    .         Reflect  .   (no ring)
rCorr    .         Harm     .   (no ring)
MR       .....                  (no ring)
Stlth    ++........             (no ring)
HPRegen  0.06/turn              (no ring)
MPRegen  0.09/turn              (no ring)
                                (no ring)
                                (no ring)

@: no status effects
A: almost no armour, stealthy swim, amphibious, 8 rings, constrict 8, camouflage
1, gelatinous body 1
a: no special abilities


You were on level 1 of the Dungeon.
You were not hungry.

You visited 1 branch of the dungeon, and saw 2 of its levels.

You collected 24 gold pieces.

Inventory:

Missiles
 a - 33 arrows
Scrolls
 d - a scroll of identify {unknown}
Potions
 e - a potion of agility {unknown}
 g - a potion of lignification {unknown}
Books
 b - a book of Changes

   Spells                             Type                      Level
   a - Beastly Appendage              Transmutation                1
   b - Sticks to Snakes               Transmutation                2
   c - Spider Form                    Transmutation/Poison         3
   d - Ice Form                       Ice/Transmutation            4
   e - Blade Hands                    Transmutation                5
Comestibles
 c - 2 bread rations
 f - a royal jelly
 h - a chunk of flesh


   Skills:
 - Level 1.0 Fighting
 - Level 2.0 Dodging
 + Level 4.0 Unarmed Combat
 - Level 2.0 Spellcasting
 - Level 2.0 Transmutations


You had 4 spell levels left.
You knew the following spells:

 Your Spells              Type           Power        Failure   Level  Hunger
a - Beastly Appendage     Tmut           #.....       10%         1    #......


Dungeon Overview and Level Annotations

Branches:
Dungeon (2/15)

Altars:


Innate Abilities, Weirdness & Mutations

You cannot wear most types of armour.
You are very stealthy in the water. (Stealth+)
You are amphibious.
You can wear up to eight rings at the same time.
You can use your tentacles to constrict eight enemies at once.
Your skin changes colour to match your surroundings (Stealth+).
Your rubbery body absorbs attacks. (AC +1, EV +1)


Message History

You kill the hobgoblin!
A kobold comes into view.
The dart slug launches a dart at you. The slug dart hits you!
Found a scroll labeled IBIATI GYUTIO.
You are too injured to fight recklessly!
You are too injured to fight recklessly!
You are too injured to fight recklessly!
The dart slug launches a dart at you. The slug dart hits you!
* * * LOW HITPOINT WARNING * * *
The kobold shouts!
You tentacle-slap the dart slug but do no damage.
You grab the dart slug. You constrict the dart slug.
Your magical contamination has completely faded away.
You tentacle-slap the dart slug.
You squeeze the dart slug, but do no damage.
The dart slug is severely wounded.
You constrict the dart slug. The kobold hits you.
You die...

#.#. ##.### .# #.#.##
###(.# .# ##.#..####...##
..##..##.#.(.....#
#.#.........#.##.#
#.#......(....##.###
#...........####...#
##.........)# ###..
######## #.w@........# ###
#......####....#K.)......#
#. #...........?.
##.##....(## #.
#.......##### #.####....##
#. .......# #.# #.#...# #.
#......# #.# #.##..#####.
#......# ..# #.##.....).)
#......# .## ..####..##.
#####.## ##..####.###


You could see a dart slug and a kobold.

Vanquished Creatures
  2 dart slugs (D:1)
  2 goblins
  7 hobgoblins (D:1)
  3 bats (D:1)
  A kobold (D:1)
15 creatures vanquished.

Notes
Turn   | Place    | Note
-------+----------+-------------------------------------------
     0 | D:1      | tehllama the Octopode Transmuter began the quest for the Orb.
     0 | D:1      | Reached XP level 1. HP: 13/13 MP: 3/3
   229 | D:1      | Reached XP level 2. HP: 4/18 MP: 5/5
   788 | D:1      | Reached skill level 4 in Unarmed Combat
   799 | D:1      | Slain by a kobold

Vault maps used:
D:1:      wheals_arrival_linesprint, hangedman_feature_mirror
D:2:      kennysheep_generic_room_3

Skill      XL: |  1  2 |
---------------+-------+-----
Unarmed Combat | 4 |  4.0
Fighting       | |  1.0
Dodging        | |  2.0
Spellcasting   | |  2.0
Transmutations | |  2.0

Action                   || total
-------------------------++-------
Melee: Unarmed           ||    34
       Constrict         ||    12
       Tentacles         ||     8
       Kick              ||     1
       Punch             ||     1
 Cast: Beastly Appendage ||     3
 Stab: Sleeping          ||     1
Armor: Skin              ||     5
Dodge: Dodged            ||    31
